 Dungeon Crawl Stone Soup version 0.20-a0-257-gcba8977 (webtiles) character file.

20422 Eucla the Brawler (level 12, -10/112 HPs)
             Began as a Demonspawn Berserker on Dec 1, 2016.
             Was a High Priest of Trog.
             Hit by a large rock thrown by a stone giant (14 damage)
             ... in a volcano on Dec 2, 2016.
             The game lasted 00:27:31 (11107 turns).

Eucla the Brawler (Demonspawn Berserker)           Turns: 11107, Time: 00:27:32

Health: -10/112    AC: 14    Str: 17    XL:     12   Next: 45%
Magic:  12/12      EV: 13    Int:  9    God:    Trog [*****.]
Gold:   768        SH:  0    Dex: 25    Spells: 11/11 levels left

rFire  + . .     SeeInvis .       - Unarmed
rCold  . . .     Gourm    .     E - +1 chain mail {rF+}
rNeg   + + .     Faith    .     (no shield)
rPois  .         Spirit   .     (helmet restricted)
rElec  +         Reflect  .     s - +0 cloak "Alaasurph" {rN++ Str-3} (curse)
rCorr  +         Harm     .     (no gloves)
MR     +++..                    e - +0 pair of boots
Stlth  ..........               (no amulet)
                                v - +5 ring of dexterity
                                w - ring of the Hippo {rCorr Str+4}

@: agile, exhausted, regenerating, slowed, very slow
A: antennae 1, claws 1, hooves 2, molten scales 2, clumsy 1, magic resistance 1,
powered by pain 3, robust 1, electricity resistance, spiny 2, weak 1
a: Berserk, Trog's Hand, Brothers in Arms, Burn Spellbooks, Renounce Religion


You were in a volcano.
You worshipped Trog.
Trog was extremely pleased with you.
You were not hungry.

You visited 2 branches of the dungeon, and saw 13 of its levels.
You also visited: Labyrinth and Volcano.

You collected 768 gold pieces.

Inventory:

Hand Weapons
 r - a +9 fustibalus of velocity
Missiles
 B - 13 sling bullets
Armour
 c - a +0 cloak of invisibility
 e - a +0 pair of boots (worn)
 o - the +5 ring mail of Summer {+Inv rC+ Stlth+}
   (You found it in a labyrinth)

   It protects you from cold.
   It lets you turn invisible.
   It makes you more stealthy.
 s - the cursed +0 cloak "Alaasurph" (worn) {rN++ Str-3}
   (You found it in a labyrinth)

   It affects your strength (-3).
   It greatly protects you from negative energy.
   It has a curse placed upon it.
 E - a +1 chain mail of fire resistance (worn)
 I - +1 pearl dragon scales
Jewellery
 f - an uncursed ring of stealth
 u - an uncursed ring of ice
 v - a +5 ring of dexterity (right claw)
 w - the ring of the Hippo (left claw) {rCorr Str+4}
   (You found it in a labyrinth)

   [ring of resist corrosion]

   It affects your strength (+4).
 J - an uncursed ring of see invisible
 O - an uncursed ring of poison resistance
Wands
 i - a wand of iceblast (4/15)
 t - a wand of lightning (10/15)
 x - a wand of iceblast (13/15)
 y - a wand of acid (8/15)
 z - a wand of acid (12/15)
 A - a wand of iceblast (6/15)
 F - a wand of iceblast (9/15)
 K - a wand of iceblast (7/15)
 L - a wand of random effects (22/48)
Scrolls
 a - a scroll of teleportation
 g - a scroll of recharging
 l - 4 scrolls of enchant armour
 p - 6 scrolls of remove curse
 M - a scroll of enchant weapon
Potions
 h - 2 potions of cure mutation
 k - 4 potions of might
 q - 2 potions of cancellation
 G - 2 potions of resistance {unknown}
 H - a potion of berserk rage
 P - a potion of brilliance {unknown}
 Q - a potion of agility
Books
 m - a book of Air

   Spells                             Type                      Level
   a - Shock                          Conjuration/Air              1
   b - Swiftness                      Charms/Air                   2
   c - Repel Missiles                 Charms/Air                   2
   d - Static Discharge               Conjuration/Air              3
   e - Lightning Bolt                 Conjuration/Air              5
   Trog disapproves of the use of such an item.
Comestibles
 b - 10 bread rations
 d - 5 royal jellies


   Skills:
 + Level 12.2 Fighting
 - Level 1.7 Armour
 - Level 1.7 Dodging
 * Level 15.1 Unarmed Combat


You had 11 spell levels left.
You didn't know any spells.

Dungeon Overview and Level Annotations

Branches:
Dungeon (9/15)             Temple (0/1) D:6            Lair (4/6) D:9
 Shoals (0/4) Lair:2       Spider (0/4) Lair:2          Orc (0/2) D:9

Altars:
Elyvilon
Makhleb
Trog
Xom
Yredelemnul
The Shining One

Shops:
D:7 *


Innate Abilities, Weirdness & Mutations

You have hoof-like feet.
You are mostly covered in molten scales. (AC +3)
You are powered by pain.
You are mostly covered in sharp spines.
You have a pair of small antennae on your head.
You have sharp fingernails.
You are clumsy. (Dex -2)
You are resistant to hostile enchantments. (MR+)
You are robust. (+10% HP)
You are resistant to electric shocks. (rElec)
You are weak. (Str -2)


Message History

You claw the stone giant!
The stone giant is moderately wounded.
You are no longer berserk.
You are exhausted.
You feel yourself slow down. The stone giant hits you.
* * * LOW HITPOINT WARNING * * *
You scratch the stone giant but do no damage.
The stone giant is moderately wounded.
The stone giant hits you.
* * * LOW HITPOINT WARNING * * *
You claw the stone giant!
The stone giant is moderately wounded.
The stone giant hits you.
* * * LOW HITPOINT WARNING * * *
Unknown command.
Unknown command.
Unknown command.
Okay, then.
The stone giant throws a large rock.
The large rock hits you!
You die...

§§§§≈§≈≈≈≈≈≈≈≈≈≈≈≈≈..≈§≈≈≈≈≈≈§≈≈≈
≈§§§§§§≈≈≈≈≈≈≈≈≈≈≈.≈≈≈§≈§§§≈§§≈≈§
§§§≈≈≈≈≈≈≈≈≈≈§≈≈≈.≈≈§..≈§§§≈§§≈§§
§≈≈≈§§§§§§..............§§.§≈≈≈§≈
≈≈§§≈§§§#################§§≈§§§≈§
≈≈§§§§§§# .'.....+ #.§≈§≈≈≈§
§≈≈≈§§≈§# #C8_8.# #.§≈§≈≈≈§
§≈§§≈§§.# #..)..#
≈≈≈§§≈≈.###++###@###
≈≈≈≈≈§§§#......#.#
≈§§≈≈§§§######.#.# ≈≈§≈§§§§# #.#
§§≈§§≈≈§# #.# ≈§≈§§§≈.# #.#
§≈§§≈§§.# #.#
§§≈§§§§.########'####### ≈
§≈≈§§≈≈.....§§....§.§..§§≈≈ ≈≈ §§


You could see a stone giant.

Vanquished Creatures
  A death yak (Lair:3)
  2 merfolk sirens (Lair:2)
  6 elephants
  8 spiny frogs
  A rime drake (Lair:3)
  An efreet (Volcano)
  3 komodo dragons
  2 merfolk (Lair:2)
  A queen bee (D:9)
  10 blink frogs
  5 hippogriffs
  A minotaur skeleton (Lab)
  Sigmund (D:3)
  A tarantella (Lair:2)
  19 yaks
  A spriggan (Lair:3)
  2 basilisks (Lair:1)
  2 fire bats (Volcano)
  A wyvern (D:8)
  A hungry ghost (Lab)
  6 water moccasins
  5 porcupines
  An orc warrior (D:6)
  4 ice beasts
  A sky beast (D:8)
  A black bear (D:9)
  A phantom (D:6)
  A centaur (D:9)
  4 crocodiles
  11 bullfrogs
  3 earth elementals (Volcano)
  2 scorpions
  25 killer bees (D:9)
  3 wights (D:7)
  A howler monkey (D:7)
  6 lava snakes (Volcano)
  Crazy Yiuf (D:4)
  4 jellies
  7 orc wizards
  2 bullfrog skeletons
  3 orc priests
  9 hounds
  A centaur skeleton (D:7)
  Terence (D:2)
  2 iguanas
  6 worker ants
  A hound skeleton (D:8)
  Robin (D:4)
  7 gnolls
  10 adders
  An ooze (D:1)
  An adder zombie (D:6)
  4 worms
  2 dart slugs
  4 leopard geckos
  28 orcs
  4 bats
  5 giant cockroaches
  15 goblins
  7 hobgoblins
  6 jackals
  5 quokkas
  A ball python (D:4)
  A frilled lizard (D:1)
  A jackal skeleton (D:8)
  A jackal zombie (D:5)
  3 kobolds
  2 leopard gecko skeletons
  14 rats
  A butterfly (D:9)
305 creatures vanquished.

Vanquished Creatures (collateral kills)
  A spiny frog (Lair:1)
  A wyvern (Lair:1)
2 creatures vanquished.

Vanquished Creatures (others)
  A worker ant (D:4)
1 creature vanquished.

Grand Total: 308 creatures vanquished

Notes
Turn   | Place    | Note
-------+----------+-------------------------------------------
     0 | D:1      | Eucla the Demonspawn Berserker began the quest for the Orb.
     0 | D:1      | Reached XP level 1. HP: 18/18 MP: 1/1
    52 | D:1      | Reached skill level 3 in Unarmed Combat
    52 | D:1      | Gained mutation: You have large cloven feet. [demonic ancestry]
    52 | D:1      | Reached XP level 2. HP: 16/24 MP: 2/2
   548 | D:2      | Noticed Terence
   555 | D:2      | Killed Terence
   555 | D:2      | Reached XP level 3. HP: 29/29 MP: 3/3
   767 | D:2      | Reached skill level 4 in Unarmed Combat
   767 | D:2      | Gained mutation: You have hoof-like feet. [demonic ancestry]
   767 | D:2      | Reached XP level 4. HP: 34/36 MP: 4/4
  1108 | D:2      | Reached ** piety under Trog
  1341 | D:3      | Gained mutation: You are partially covered in molten scales. (AC +2) [demonic ancestry]
  1341 | D:3      | Reached XP level 5. HP: 42/42 MP: 5/5
  1470 | D:3      | Found a white marble altar of Elyvilon.
  1475 | D:3      | Noticed Sigmund
  1570 | D:3      | Killed Sigmund
  1570 | D:3      | Reached skill level 5 in Unarmed Combat
  1570 | D:3      | Gained mutation: You are partially covered in sharp spines. [demonic ancestry]
  1570 | D:3      | Reached XP level 6. HP: 36/49 MP: 6/6
  1819 | D:3      | Reached *** piety under Trog
  2150 | D:4      | Noticed Robin
  2154 | D:4      | Reached skill level 5 in Fighting
  2164 | D:4      | Killed Robin
  2293 | D:4      | Reached skill level 6 in Unarmed Combat
  2461 | D:4      | Found a runed door.
  2563 | D:4      | Gained mutation: You sometimes gain a little power by taking damage. [demonic ancestry]
  2563 | D:4      | Reached XP level 7. HP: 51/56 MP: 7/7
  2895 | D:4      | Noticed Crazy Yiuf
  2900 | D:4      | Killed Crazy Yiuf
  2943 | D:5      | Entered Level 5 of the Dungeon
  3034 | D:5      | Reached **** piety under Trog
  3331 | D:5      | Reached skill level 7 in Unarmed Combat
  3758 | D:6      | Gained mutation: You sometimes gain power by taking damage. [demonic ancestry]
  3758 | D:6      | Reached XP level 8. HP: 52/64 MP: 8/8
  3820 | D:6      | Found a glowing golden altar of the Shining One.
  3979 | D:6      | Found a staircase to the Ecumenical Temple.
  4009 | D:6      | Found a burning altar of Makhleb.
  4065 | D:6      | Found a bloodstained altar of Trog.
  4065 | D:6      | Found a basalt altar of Yredelemnul.
  4213 | D:7      | Reached skill level 8 in Unarmed Combat
  4417 | D:7      | Noticed a hippogriff
  4428 | D:7      | Killed a hippogriff
  4458 | D:7      | Found Loeph's Elemental Accessories.
  4648 | D:7      | Reached skill level 9 in Unarmed Combat
  5172 | D:8      | Gained mutation: You are mostly covered in sharp spines. [demonic ancestry]
  5172 | D:8      | Reached XP level 9. HP: 72/72 MP: 9/9
  5495 | D:8      | Gained mutation: You are weak. (Str -2) [mutagenic meat]
  5496 | D:8      | Gained mutation: Your natural rate of healing is unusually fast. [mutagenic meat]
  5497 | D:8      | Gained mutation: You are clumsy. (Dex -2) [mutagenic meat]
  5498 | D:8      | Gained mutation: You have sharp fingernails. [mutagenic meat]
  5499 | D:8      | Gained mutation: You are dopey. (Int -2) [mutagenic meat]
  5849 | D:9      | Found a shimmering altar of Xom.
  5892 | D:9      | Reached skill level 10 in Unarmed Combat
  6030 | D:9      | Reached ***** piety under Trog
  6058 | D:9      | Noticed a queen bee
  6065 | D:9      | Gained mutation: You have a pair of small antennae on your head. [potion of mutation]
  6065 | D:9      | Gained mutation: You are robust. (+10% HP) [potion of mutation]
  6066 | D:9      | Noticed an elephant
  6072 | D:9      | Reached skill level 11 in Unarmed Combat
  6073 | D:9      | Gained mutation: You are powered by pain. [demonic ancestry]
  6073 | D:9      | Reached XP level 10. HP: 51/91 MP: 10/10
  6101 | D:9      | Killed an elephant
  6141 | D:9      | Gained mutation: You are resistant to electric shocks. (rElec) [potion of mutation]
  6141 | D:9      | Lost mutation: You are dopey. (Int -2) [potion of mutation]
  6142 | D:9      | Gained mutation: You are resistant to hostile enchantments. (MR+) [potion of mutation]
  6142 | D:9      | Lost mutation: Your natural rate of healing is unusually fast. [potion of mutation]
  6291 | D:9      | Found a staircase to the Lair.
  6620 | D:9      | Found a staircase to the Orcish Mines.
  6742 | Lair:1   | Entered Level 1 of the Lair of Beasts
  6807 | Lair:1   | Noticed a spiny frog
  6816 | Lair:1   | Killed a spiny frog
  6816 | Lair:1   | Reached skill level 12 in Unarmed Combat
  6818 | Lair:1   | Noticed a spiny frog
  6823 | Lair:1   | Killed a spiny frog
  6823 | Lair:1   | Reached skill level 10 in Fighting
  6872 | Lair:1   | Found a labyrinth entrance.
  6878 | Lab      | Entered a labyrinth
  7244 | Lab      | Noticed a minotaur
  7260 | Lab      | Identified Wanoxuisk's Guide on Moulding
  7261 | Lab      | Got a heavily runed amber ring
  7267 | Lab      | Got a smelly ring mail
  7267 | Lab      | Got a twisted cloak
  7270 | Lab      | Identified the +5 ring mail of Summer {+Inv rC+ Stlth+} (You found it in a labyrinth)
  7301 | Lab      | Identified the cursed +0 cloak "Alaasurph" {rN++ Str-3} (You found it in a labyrinth)
  7301 | Lab      | Identified the ring of the Hippo {rCorr Str+4} (You found it in a labyrinth)
  7399 | Lair:1   | Noticed a spiny frog
  7408 | Lair:1   | HP: 3/93 [spiny frog (18)]
  7413 | Lair:1   | Killed a spiny frog
  7413 | Lair:1   | Gained mutation: You are mostly covered in molten scales. (AC +3) [demonic ancestry]
  7413 | Lair:1   | Reached XP level 11. HP: 28/101 MP: 11/11
  7907 | Lair:1   | Reached skill level 13 in Unarmed Combat
  8464 | Lair:2   | Found a staircase to the Shoals.
  8561 | Lair:2   | Found a hole to the Spider Nest.
  8850 | Lair:2   | Reached skill level 14 in Unarmed Combat
  9539 | Lair:3   | Reached XP level 12. HP: 75/111 MP: 12/12
  9895 | Lair:3   | Received a gift from Trog
 10637 | Lair:3   | Noticed a death yak
 10648 | Lair:3   | Killed a death yak
 10890 | Lair:4   | Found a dark tunnel.
 10899 | Lair:4   | Reached skill level 15 in Unarmed Combat
 10905 | Volcano  | Entered a volcano
 11086 | Volcano  | Found a radiant altar of Vehumet.
 11095 | Volcano  | Noticed a stone giant
 11104 | Volcano  | HP: 5/112 [stone giant (5)]
 11106 | Volcano  | HP: 2/112 [stone giant (3)]
 11107 | Volcano  | Hit by a large rock thrown by a stone giant

Vault maps used:
D:1:      nicolae_arrival_memento_mori
D:2:      uniq_terence
D:3:      elyvilon_altar_3, uniq_sigmund
D:4:      lemuel_flame_loot_1, uniq_crazy_yiuf_cottage, uniq_robin
D:5:      first_bread
D:6:      nicolae_overflow_crystal_walls, lightli_temple_of_fire,
          nicolae_overflow_hidden_temple
D:7:      nicolae_elemental_shop
D:9:      xom_butterflies, david_lair_generic, orc_0_dummy
Lair:1:   lab_entry_generic, grunt_megastairs_5
Lair:2:   elwin_shoals_entry_stream, spider_nest_entry_rubble
Lair:3:   grunt_forest_large_clearing_hut, grunt_megastairs_1
Lair:4:   nicolae_volcano_entry_lava_flow, grunt_megastairs_3
Lab:      lab_block, labyrinth_glass_1, nicolae_lab_do_over, lab_fountain
Volcano:  volcano_lake

Skill      XL: |  1  2  3  4  5  6  7  8  9 10 11 12 |
---------------+-------------------------------------+-----
Unarmed Combat | 3 4 5 6 7 9 11 12 14 15 | 15.1
Fighting       | 4 5 6 7 9 10 11 12 | 12.2
Armour         | |  1.7
Dodging        | |  1.7

Action                   |  1- 3 |  4- 6 |  7- 9 | 10-12 || total
-------------------------+-------+-------+-------+-------++-------
Melee: Unarmed           |    45 |       |       |   236 ||   281
       Short sword       |    39 |   154 |   265 |   168 ||   626
       Punch             |       |       |     8 |    27 ||    35
Invok: Berserk           |     2 |     2 |     4 |     8 ||    16
       Trog's Hand       |       |       |     1 |     5 ||     6
       Burn Spellbooks   |       |       |       |     1 ||     1
       Brothers in Arms  |       |       |       |     1 ||     1
  Use: Potion            |       |       |     7 |     9 ||    16
       Scroll            |       |       |       |    30 ||    30
 Stab: Sleeping          |       |       |       |     2 ||     2
  Eat: Chunk             |       |     4 |     8 |     3 ||    15
       Meat ration       |       |     1 |     1 |     2 ||     4
       Fruit             |       |       |     5 |       ||     5
       Beef jerky        |       |       |     1 |     2 ||     3
       Royal jelly       |       |       |       |     7 ||     7
       Pizza             |       |       |       |     1 ||     1
Armor: Animal skin       |     1 |       |       |       ||     1
       Ring mail         |     7 |       |       |    94 ||   101
       Scale mail        |    26 |    75 |    25 |       ||   126
       Chain mail        |       |       |    88 |    13 ||   101
       Pearl dragon scal |       |       |    38 |    68 ||   106
Dodge: Dodged            |    45 |    66 |   125 |   194 ||   430
